 Dungeon Crawl Stone Soup version bcrawl-1.12-10-g10a67aac0f (webtiles) character file.

Game seed: 4459793730537180134

20234 Freyura the Fighter (level 12, -9/112 HPs)
             Began as a Hill Orc Fighter on June 16, 2019.
             Was a Priest of the Shining One.
             Mangled by a merfolk
             ... wielding a +0 trident
              (14 damage)
             ... on level 12 of the Dungeon.
             The game lasted 00:43:06 (10952 turns).

Freyura the Fighter (Hill Orc Fighter)             Turns: 10952, Time: 00:43:07

Health: -9/112     AC:  7    Str: 25    XL:     12   Next: 77%
Magic:  20/20      EV: 10    Int: 10    God:    the Shining One [***...]
Gold:   1167       SH: 17    Dex: 14    Spells: 11/11 levels left

rFire    . . .     SeeInvis .   B - +4 scimitar
rCold    . . .     Gourm    .   c - +1 shield
rNeg     + . .     Faith    .   L - +0 troll leather armour
rPois    .         Spirit   .   (no helmet)
rElec    .         Reflect  .   J - scarf {repulsion}
rCorr    .         Harm     .   (no gloves)
MR       ++...                  (no boots)
Stlth    +.........             F - amulet of regeneration
HPRegen  1.08/turn              H - +6 ring of slaying
MPRegen  0.17/turn              o - ring of protection from magic

@: mighty, glowing, repel missiles
A: yellow scales 1, clever 1, magic resistance 1
a: Divine Shield, Renounce Religion


You were on level 12 of the Dungeon.
You worshipped the Shining One.
The Shining One was most pleased with you.
You were not hungry.

You visited 2 branches of the dungeon, and saw 13 of its levels.

You collected 1167 gold pieces.

Inventory:

Hand Weapons
 a - a +1 flail
 d - a +0 morningstar
 p - a +3 long sword of freezing
 B - a +4 scimitar (weapon)
Missiles
 n - a throwing net (quivered) {!f}
Armour
 b - a +0 scale mail
 c - a +1 shield (worn)
 g - a +0 ring mail
 s - a +1 cloak
 J - a scarf of repulsion (worn)
 L - a +0 troll leather armour (worn)
Jewellery
 k - an uncursed ring of resist corrosion
 o - a ring of protection from magic (right hand)
 F - an amulet of regeneration (around neck)
 H - a +6 ring of slaying (left hand)
Wands
 l - a wand of flame (3)
 u - a wand of enslavement (15)
 E - a wand of disintegration (32)
 G - a wand of iceblast (8)
 K - a wand of scattershot (4)
Scrolls
 m - 7 scrolls of remove curse
 q - 2 scrolls of identify
 t - 2 scrolls of fog
 v - a scroll of fear
 x - 3 scrolls of teleportation
 y - a scroll of blinking
 z - a scroll of enchant weapon
 C - a scroll of enchant armour
 O - a scroll of silence {unknown}
 P - a scroll of magic mapping
 Q - a scroll of summoning {unknown}
Potions
 e - 2 potions of berserk rage
 h - 2 potions of brilliance
 i - a potion of magic
 j - 2 potions of resistance
 w - 4 potions of curing
 A - a potion of ambrosia
 I - a potion of haste {unknown}
 M - a potion of cancellation {unknown}
 N - 3 potions of mutation
Comestibles
 f - 20 rations {!d}


   Skills:
 * Level 11.9 Fighting
   Level 11.9 Short Blades
   Level 11.9 Long Blades
   Level 11.9 Axes
   Level 11.9 Maces & Flails
   Level 11.9 Polearms
   Level 11.9 Staves
 + Level 10.8 Armour
 - Level 0.2 Dodging
 + Level 10.8 Shields
   Level 11.9 Unarmed Combat
 + Level 11.3 Invocations


You had 11 spell levels left.
You didn't know any spells.
Your spell library contained the following spells:

 Spells                   Type           Power        Failure   Level  Hunger
 Animate Skeleton         Necr           N/A          58%         1    ##.....
 Pain                     Necr           #...         58%         1    ##.....
 Summon Small Mammal      Summ           #...         58%         1    ##.....
 Call Imp                 Summ           #.......     73%         2    ###....
 Passwall                 Tmut/Erth      #.......     73%         2    ###....
 Swiftness                Chrm/Air       #.......     73%         2    ###....
 Call Canine Familiar     Summ           #.......     91%         3    ####...
 Regeneration             Chrm/Necr      #.........   91%         3    ####...
 Vampiric Draining        Necr           #.........   91%         3    ####...
 Animate Dead             Necr           N/A          100%        4    #####..
 Summon Ice Beast         Ice/Summ       #.......     100%        4    #####..
 Bolt of Draining         Conj/Necr      #.........   100%        5    ######.
 Lee's Rapid Deconstruct  Erth           #.........   100%        5    ######.
 Passage of Golubria      Tloc           N/A          100%        5    ######.
 Summon Lightning Spire   Summ/Air       #.......     100%        5    ######.
 Darkness                 Hex            #.........   100%        6    #######
 Invisibility             Hex            #.......     100%        6    #######


Dungeon Overview and Level Annotations

Branches:
Dungeon (12/12)            Temple (1/1) D:4            Lair (0/6) D:8
    Orc (0/1) D:10         Depths (0/5) D:12
 Vaults: D:11-12

Altars:
Ashenzari
Cheibriados
Dithmenos
Elyvilon
Fedhas
Gozag
Hepliaklqana
Kikubaaqudgha
Lugonu
Makhleb
Nemelex Xobeh
Okawaru
Qazlal
Ru
Sif Muna
Trog
Uskayaw
Vehumet
Wu Jian
Xom
Yredelemnul
Zin
The Shining One

Shops:
D:12 :


Innate Abilities, Weirdness & Mutations

You are partially covered in yellow scales. (AC +2)
Your mind is acute. (Int +2)
You are resistant to hostile enchantments. (MR+)


Message History

You slash the dire elephant!
The dire elephant is heavily wounded.
The dire elephant tramples you!! The Shining One protects you from harm!
You hold your ground!
You block the dire elephant's attack.
Cornered, the wolf spider turns to fight!
You slash the dire elephant!
The dire elephant is severely wounded.
You block the merfolk's attack. You block the dire elephant's attack.
The dire elephant trunk-slaps you but does no damage.
You slash the dire elephant!
The dire elephant is almost dead.
You block the merfolk's attack. The dire elephant tramples you!
* * * LOW HITPOINT WARNING * * *
You hold your ground!
The dire elephant trunk-slaps you.
* * * LOW HITPOINT WARNING * * *
You slice the dire elephant!!
You kill the dire elephant!
The merfolk hits you from afar with a +0 trident!
You die...

#..............###..
#.###########+#.....
#.# #....... #.#
##.).... #.# #......
#.# ##..... #.###
#..### #...##### #
##.# #.≈@.m≈.#..#
#.. #...#..s...#
##.####.#### #.. .#
#≈. J# #... .# ##.#
#> #


You could see a wolf spider and a merfolk.

Vanquished Creatures
  A dire elephant (D:12)
  A centaur warrior (D:11)
  2 two-headed ogres
  Nergalle (D:11)
  An unseen horror (D:12)
  4 cyclopes
  5 ugly things
  An orc knight (D:12)
  2 deep elf magi
  An orc sorcerer (D:12)
  A centaur zombie (D:11)
  2 black mambas (shapeshifter) (D:11)
  A centaur skeleton (D:10)
  2 komodo dragons
  A kobold demonologist (D:12)
  A hornet (D:9)
  4 trolls
  3 slime creatures (D:10)
  A hippogriff (D:7)
  A wraith (D:11)
  A wyvern (shapeshifter) (D:10)
  4 yaks (D:8)
  A shadow (D:11)
  2 wyverns (D:9)
  2 vampire mosquitoes (D:11)
  A hungry ghost (D:8)
  3 water moccasins
  4 ice beasts
  2 sky beasts (D:6)
  9 orc warriors
  2 phantoms
  3 centaurs
  9 ogres
  2 crocodiles
  3 big kobolds
  5 bullfrogs
  4 scorpions
  4 wights (D:6)
  A howler monkey (D:6)
  2 crimson imps
  A quasit (D:8)
  2 bullfrog zombies
  2 hounds
  5 orc priests
  Crazy Yiuf (D:5)
  A bullfrog skeleton (D:4)
  A gnoll shaman (D:8)
  3 jellies (D:8)
  12 orc wizards
  3 iguanas
  8 worker ants
  A hound skeleton (D:8)
  4 hound zombies
  2 worker ant zombies
  4 gnolls (D:8)
  A howler monkey zombie (D:6)
  13 adders
  4 shadow imps
  7 oozes
  An adder zombie (D:8)
  5 worms
  A dart slug (D:2)
  A leopard gecko (D:3)
  56 orcs
  4 giant cockroaches
  12 goblins
  8 hobgoblins
  8 jackals
  21 kobolds
  2 quokkas (D:4)
  2 ball pythons
  11 bats
  3 frilled lizards (D:1)
  A quokka zombie (D:5)
  9 rats
320 creatures vanquished.

Vanquished Creatures (others)
  A plant (D:8)
1 creature vanquished.

Grand Total: 321 creatures vanquished

Notes
Turn   | Place    | Note
-------+----------+-------------------------------------------
     0 | D:1      | Freyura the Hill Orc Fighter began the quest for the Orb.
     0 | D:1      | Reached XP level 1. HP: 20/20 MP: 1/1
    74 | D:1      | Reached XP level 2. HP: 24/28 MP: 2/2
   180 | D:1      | Reached XP level 3. HP: 33/34 MP: 3/3
   686 | D:2      | Found a sacrificial altar of Ru.
   693 | D:2      | Reached XP level 4. HP: 41/41 MP: 4/4
   729 | D:2      | Reached skill level 5 in Fighting
   872 | D:2      | Found an ornate altar of the Wu Jian Council.
   872 | D:2      | Found a snail-covered altar of Cheibriados.
  1303 | D:2      | Reached XP level 5. HP: 46/48 MP: 5/5
  1686 | D:3      | Noticed a centaur
  1692 | D:3      | Killed a centaur
  1751 | D:3      | Reached XP level 6. HP: 17/56 MP: 6/6
  2783 | D:4      | Found a hide-covered altar of Uskayaw.
  2786 | D:4      | Found a blossoming altar of Fedhas.
  2906 | D:4      | Found a bloodstained altar of Trog.
  2994 | D:4      | Found a staircase to the Ecumenical Temple.
  3008 | Temple   | Entered the Ecumenical Temple
  3252 | Temple   | Became a worshipper of Elyvilon the Healer
  3465 | D:5      | Entered Level 5 of the Dungeon
  3481 | D:5      | Reached XP level 7. HP: 61/63 MP: 7/7
  3503 | D:5      | Found a runed door.
  3507 | D:5      | Noticed Crazy Yiuf
  3512 | D:5      | Paralysed by Crazy Yiuf for 2 turns
  3517 | D:5      | Killed Crazy Yiuf
  3517 | D:5      | Reached skill level 5 in Armour
  3517 | D:5      | Reached skill level 1 in Invocations
  3909 | D:5      | Reached skill level 5 in Shields
  4045 | D:5      | Found an opulent altar of Gozag.
  4156 | D:5      | Reached * piety under Elyvilon
  4226 | D:5      | Found a corrupted altar of Lugonu.
  4366 | D:5      | Reached XP level 8. HP: 67/71 MP: 10/10
  4735 | D:6      | Reached ** piety under Elyvilon
  5138 | D:6      | Reached XP level 9. HP: 55/79 MP: 12/12
  5142 | D:6      | Reached skill level 5 in Invocations
  5199 | D:6      | HP: 4/81 [wight/+3 long sword of freezing (3)]
  5199 | D:6      | HP: 1/81 [wight/+3 long sword of freezing (2)]
  5889 | D:6      | Found a glowing golden altar of the Shining One.
  5895 | D:6      | Fell from the grace of Elyvilon
  5895 | D:6      | Became a worshipper of the Shining One
  5895 | D:6      | Reached * piety under the Shining One
  6182 | D:6      | Gained mutation: You are partially covered in yellow
                  | scales. (AC +2) [potion of mutation]
  6182 | D:6      | Gained mutation: You are resistant to hostile enchantments.
                  | (MR+) [potion of mutation]
  6182 | D:6      | Gained mutation: Your mind is acute. (Int +2) [potion of
                  | mutation]
  6301 | D:7      | Noticed a troll
  6313 | D:7      | Killed a troll
  6315 | D:7      | HP: 4/81 [hippogriff (8)]
  6809 | D:7      | Noticed a cyclops
  6819 | D:7      | Killed a cyclops
  6819 | D:7      | Reached XP level 10. HP: 90/90 MP: 13/15
  7530 | D:8      | Found a staircase to the Lair.
  7591 | D:8      | Found a glowing golden altar of the Shining One.
  7659 | D:8      | Noticed a cyclops
  7669 | D:8      | Killed a cyclops
  7774 | D:8      | Reached ** piety under the Shining One
  7980 | D:8      | Noticed a two-headed ogre
  7990 | D:8      | Killed a two-headed ogre
  8195 | D:8      | Reached XP level 11. HP: 89/99 MP: 17/17
  8204 | D:8      | Reached skill level 10 in Fighting
  8906 | D:10     | Entered Level 10 of the Dungeon
  8906 | D:10     | Noticed a cyclops
  8912 | D:10     | Killed a cyclops
  9003 | D:10     | Found a staircase to the Orcish Mines.
  9148 | D:10     | Noticed a brown ugly thing
  9438 | D:10     | Killed a brown ugly thing
  9496 | D:10     | Noticed a white ugly thing
  9504 | D:10     | Killed a white ugly thing
  9545 | D:10     | Noticed a deep elf mage
  9548 | D:10     | Killed a deep elf mage
  9767 | D:11     | Noticed a centaur warrior
  9775 | D:11     | Killed a centaur warrior
  9775 | D:11     | Reached skill level 10 in Invocations
  9896 | D:11     | Reached skill level 10 in Armour
  9966 | D:11     | Noticed a purple ugly thing
  9972 | D:11     | Killed a purple ugly thing
  9972 | D:11     | Reached skill level 10 in Shields
  9972 | D:11     | Reached XP level 12. HP: 108/110 MP: 19/19
 10155 | D:11     | Noticed Nergalle
 10155 | D:11     | Reached *** piety under the Shining One
 10167 | D:11     | Killed Nergalle
 10647 | D:12     | Entered Level 12 of the Dungeon
 10801 | D:12     | Noticed a two-headed ogre
 10816 | D:12     | Killed a two-headed ogre
 10884 | D:12     | Found Dymm's Book Emporium.
 10927 | D:12     | Found a staircase to the Depths.
 10927 | D:12     | Noticed a dire elephant
 10942 | D:12     | HP: 4/112 [dire elephant (17)]
 10949 | D:12     | The Shining One protects you from harm!
 10951 | D:12     | HP: 4/112 [dire elephant (6)]
 10952 | D:12     | Killed a dire elephant
 10952 | D:12     | Mangled by a merfolk

Skill      XL: |  1  2  3  4  5  6  7  8  9 10 11 12 |
---------------+-------------------------------------+-----
Fighting       | 5 6 7 8 9 11 | 11.9
Armour         | 4 5 6 7 8 10 | 10.8
Shields        | 4 5 6 7 8 10 | 10.8
Invocations    | 2 4 6 8 10 11 | 11.3
Short Blades   | | 11.9
Long Blades    | | 11.9
Axes           | | 11.9
Maces & Flails | | 11.9
Polearms       | | 11.9
Staves         | | 11.9
Dodging        | |  0.2
Unarmed Combat | | 11.9

Action                   |  1- 3 |  4- 6 |  7- 9 | 10-12 || total
-------------------------+-------+-------+-------+-------++-------
Melee: Flail             |    38 |    52 |   186 |       ||   276
       Mace              |    46 |   107 |       |       ||   153
       Long sword        |       |   119 |       |       ||   119
       Scimitar          |       |       |   101 |   524 ||   625
Invok: Lesser Healing    |       |       |     1 |       ||     1
       Divine Shield     |       |       |       |     4 ||     4
  Use: Scroll            |       |    11 |     6 |    11 ||    28
       Potion            |       |     1 |     1 |    11 ||    13
 Stab: Paralysed         |       |     1 |       |       ||     1
  Eat: Chunk             |       |     9 |     5 |    11 ||    25
       Ration            |       |       |     2 |     1 ||     3
Armor: Scale mail        |    54 |    62 |       |       ||   116
       Ring mail         |       |    37 |    65 |    70 ||   172
       Troll leather arm |       |       |       |     7 ||     7
Dodge: Dodged            |    22 |    85 |    68 |    95 ||   270
       Deflected         |       |       |       |     2 ||     2
Block: Shield            |    53 |   153 |   146 |   363 ||   715
